 Dungeon Crawl Stone Soup version 0.22-a0-247-gbddf880 (webtiles) character file.

14 Serpenta the Sneak (level 2, -7/17 HPs)
             Began as an Octopode Ice Elementalist on Feb 25, 2018.
             Mangled by a gnoll
             ... wielding a +0 halberd
              (12 damage)
             ... on level 1 of the Dungeon on Feb 26, 2018.
             The game lasted 00:01:29 (777 turns).

Serpenta the Sneak (Octopode Ice Elementalist)       Turns: 777, Time: 00:01:29

Health: -7/17      AC:  1    Str:  7    XL:     2   Next: 41%
Magic:  0/5        EV: 13    Int: 17    God:
Gold:   12         SH:  0    Dex: 12    Spells: 2/5 levels left

rFire    . . .     SeeInvis .   b - +0 whip
rCold    . . .     Gourm    .   (no shield)
rNeg     . . .     Faith    .   (helmet restricted)
rPois    .         Spirit   .   (no amulet)
rElec    .         Reflect  .   e - ring of resist corrosion
rCorr    +         Harm     .   (no ring)
MR       .....                  (no ring)
Stlth    +++.......             (no ring)
HPRegen  0.05/turn              (no ring)
MPRegen  0.09/turn              (no ring)
                                (no ring)
                                (no ring)

@: very slightly contaminated
A: almost no armour, stealthy swim, amphibious, 8 rings, constrict 8, camouflage
1, gelatinous body 1
a: no special abilities


You were on level 1 of the Dungeon.
You were not hungry.

You visited 1 branch of the dungeon, and saw 1 of its levels.

You collected 12 gold pieces.


Innate Abilities, Weirdness & Mutations

You cannot wear most types of armour.
You are very stealthy in the water. (Stealth+)
You are amphibious.
You can wear up to eight rings at the same time.
You can use your tentacles to constrict eight enemies at once.
Your skin changes colour to match your surroundings (Stealth+).
Your rubbery body absorbs attacks. (AC +1, EV +1)


   Skills:
 - Level 2.0 Dodging
 + Level 3.5 Stealth
 - Level 2.0 Spellcasting
 - Level 1.0 Conjurations
 + Level 3.3 Ice Magic


You had 2 spell levels left.
You knew the following spells:

 Your Spells              Type           Power        Failure   Level  Hunger
A - Freeze                Ice            ##..         4%          1    #......
B - Throw Frost           Conj/Ice       #.....       12%         2    ###....

Action                   || total
-------------------------++-------
Melee: Whip              ||    22
       Constrict         ||     4
       Tentacles         ||     2
 Cast: Freeze            ||    10
 Stab: Sleeping          ||     4
Armor: Skin              ||     6
Dodge: Dodged            ||    30

Inventory:

Hand Weapons
 b - a +0 whip (weapon)
Jewellery
 e - a ring of resist corrosion (left tentacle)
Scrolls
 c - a scroll of random uselessness {unknown}
 h - a scroll of enchant weapon {unknown}
 i - a scroll of blinking {unknown}
Potions
 d - a potion of curing {unknown}
 g - a potion of magic {unknown}
Comestibles
 a - 4 rations
 f - 2 chunks of flesh {@w1}

#####....# ##..# #g
......#..# ##.# #.###
#####...## ##+# #...#
##.#######..# ###.#
#.(..##...## .# #.#
######.##.##....##### #.#
#.# ....>..##.##.#.....g#
#.# #.#
........#.##.#.g###.# #.#
#.# ..#######.##.#..@##.#
#.# #g# ..#
#....###.##.#####.# #.# ..#
#######.#.#........# #.#
..# ##.......#.#....##g.#
#.## ###
#..####.##.#........###..##
# #####.##
#.##.#....##..g...... #
#.....##
#.##.#######..#.#.#.# #
#.##...#
#.##.....#...........
###.####.#
#.######.###..#.#.#.#


You could see a gnoll.

Vanquished Creatures
  2 bats (D:1)
  3 giant cockroaches (D:1)
  2 goblins (D:1)
  2 hobgoblins (D:1)
  A kobold (D:1)
  2 rats (D:1)
12 creatures vanquished.

Vault maps used:
D:1:      mrwooster_arrival_arrow, serial_co_window_serial, co_window_corner_a,
          co_window_of_opportunity_a, co_window_corner_a, co_window_paths_a,
          co_window_corner_a, co_window_cross_3, co_window_corner_cb,
          co_window_of_opportunity_b, co_window_corner_ca, co_window_corner_cb,
          co_window_of_opportunity_c, co_window_corner_ca, co_window_4corner_a,
          glass_columns_c, st_stairs_14


Message History

Casting: Freeze (safe; 4% risk of failure)
Confirm with . or Enter, or press ? or * to list all spells.
Aiming: Freeze (safe; 4% risk of failure)
Press: ? - help, Shift-Dir - straight line, f/p - gnoll
Aim: a gnoll, wielding a halberd (lightly wounded)
You freeze the gnoll.
The gnoll is moderately wounded.
The gnoll hits you with a halberd!
Ouch! That really hurt!
* * * LOW HITPOINT WARNING * * *
Casting: Freeze (safe; 4% risk of failure)
Confirm with . or Enter, or press ? or * to list all spells.
Aiming: Freeze (safe; 4% risk of failure)
Press: ? - help, Shift-Dir - straight line, f/p - gnoll
Aim: a gnoll, wielding a halberd (moderately wounded)
You freeze the gnoll.
The gnoll is heavily wounded.
The gnoll hits you with a halberd!
Ouch! That really hurt!
You die...

Notes
Turn   | Place    | Note
-------+----------+-------------------------------------------
     0 | D:1      | Serpenta the Octopode Ice Elementalist began the quest for the Orb.
     0 | D:1      | Reached XP level 1. HP: 11/11 MP: 3/3
   390 | D:1      | Reached XP level 2. HP: 17/17 MP: 5/5
   398 | D:1      | Learned a level 2 spell: Throw Frost
   777 | D:1      | Mangled by a gnoll
